 Dungeon Crawl Stone Soup version 0.28.0-1-gb440e238dd (webtiles) character file.

Game seed: 764632264357108119

58 fknight the Chopper (level 4, 0/40 HPs)
             Began as a Hill Orc Monk on Feb 20, 2022.
             Slain by a goblin (1 damage)
             ... led by Robin
             ... on level 2 of the Dungeon.
             The game lasted 00:09:45 (1203 turns).

fknight the Chopper (Hill Orc Monk)                 Turns: 1203, Time: 00:09:47

Health: 0/40       AC:  8    Str: 15    XL:     4   Next: 1%
Magic:  13/13      EV: 10    Int: 10    God:
Gold:   77         SH:  0    Dex: 13    Spells: 3/3 levels left

rFire   . . .      SeeInvis .   e - +1 short sword (elec)
rCold   . . .      Faith    .   (no shield)
rNeg    . . .      Spirit   .   g - +0 scale mail
rPois   .          Reflect  .   j - +1 helmet
rElec   .          Harm     .   (no cloak)
rCorr   .          Rampage  .   (no gloves)
Will    .....                   (no boots)
Stlth   +.........              (no amulet)
HPRegen 0.13/turn               h - ring of magical power
MPRegen 0.13/turn               (no ring)

@: no status effects
A: no striking features
a: no special abilities


You were on level 2 of the Dungeon.
You visited 1 branch of the dungeon, and saw 2 of its levels.

You collected 77 gold pieces.

Inventory:

Hand Weapons
 a - a +0 hand axe
 e - a +1 short sword of electrocution (weapon)
Missiles
 b - 40 stones
 f - 6 boomerangs (quivered)
Armour
 g - a +0 scale mail (worn)
 j - a +1 helmet (worn)
Jewellery
 h - a ring of magical power (left hand)
Scrolls
 c - a scroll of fog {unknown}
 d - a scroll of blinking
 i - a scroll of enchant armour {unknown}


   Skills:
 + Level 4.1 Fighting
 + Level 4.5 Axes
 + Level 1.2 Throwing
 + Level 1.1 Armour
 + Level 2.5 Dodging
 + Level 2.0 Stealth


You had 3 spell levels left.
You didn't know any spells.
Your spell library contained the following spells:

 Spells                   Type           Power      Damage    Failure   Level
 Beastly Appendage        Tmut           0%         N/A       83%         1
 Foxfire                  Conj/Fire      0%         2x1d4     83%         1
 Freeze                   Ice            0%         1d3       83%         1
 Wereblood                Tmut           0%         N/A       93%         2
 Conjure Flame            Conj/Fire      0%         6-21      99%         3
 Frozen Ramparts          Ice            0%         1d2       99%         3
 Inner Flame              Hex/Fire       0%         N/A       99%         3
 Spider Form              Tmut/Pois      0%         N/A       99%         3
 Flame Wave               Conj/Fire      0%         2d4       100%        4
 Hailstorm                Conj/Ice       0%         3d3       100%        4


Dungeon Overview and Level Annotations

Branches:
Dungeon (2/15)

Altars:

Annotations:
D:2 Robin


Message History

You hit the hobgoblin.
You kill the hobgoblin!
The goblin hits you but does no damage.
A goblin comes into view. It is wielding a +0 dagger.
Robin roars a battlecry!
The goblins go into a battle-frenzy!
The goblin hits you but does no damage.
The goblin shouts!
You hear a shout!
You have reached level 4!
You closely miss the goblin. Your punch misses the goblin.
The goblin hits you with a +0 dagger. The goblin hits you with a +0 club.
Robin says, "Bow before me, strongest of all the hobgoblins!"
Robin hits you but does no damage. The goblin hits you with a +0 club.
The goblin barely misses you.
You barely miss the goblin. The goblin closely misses you.
A goblin comes into view. It is wielding a +0 club.
The goblin hits you with a +0 club.
* * * LOW HITPOINT WARNING * * *
The goblin hits you with a +0 dagger.
* * * LOW HITPOINT WARNING * * *
The goblin hits you but does no damage.
You barely miss the goblin.
A goblin comes into view. It is wielding a +0 club.
The goblin misses you. The goblin hits you with a +0 dagger.
* * * LOW HITPOINT WARNING * * *
The goblin hits you with a +0 club.
* * * LOW HITPOINT WARNING * * *
You barely miss the goblin.
Robin roars a battlecry!
The goblin goes into a battle-frenzy!
The goblin completely misses you. The goblin hits you but does no damage.
The goblin hits you with a +0 club.
* * * LOW HITPOINT WARNING * * *
You closely miss the goblin. Robin hits you but does no damage.
The goblin hits you with a +0 club.
* * * LOW HITPOINT WARNING * * *
The goblin hits you with a +0 dagger.
* * * LOW HITPOINT WARNING * * *
The goblin hits you with a +0 club.
You die...

#.##.#####..# #.########
#.#..#.#.#..#####.# #
#.##..8...........##### #
#.#.8##.##.###.#......# #
#.##.##8.#.# #.#.####.#### #
####....8.)##)###...####.....
#.###....#[#.#..#.........##.....
.........#####g##g.####.........†
#.##........gggg@g## #.##.#..>..
#.#####...gg#### #..........
#.##.#####....## ####.######
#........#...### #.#
..#####........# #.# . #......#.#
#.#### ###8..##.# #....# +...# #
####)### #8..# #.#..


You could see Robin, a hobgoblin (strong) and 7 goblins.

Vanquished Creatures
  Terence (D:2)
  A dart slug (D:2)
  3 endoplasms
  5 goblins
  3 hobgoblins (D:2)
  3 jackals (D:1)
  2 quokkas
  3 ball pythons
  3 bats (D:1)
  3 frilled lizards (D:1)
  A rat (D:2)
28 creatures vanquished.

Notes
Turn   | Place    | Note
-------+----------+-------------------------------------------
     0 | D:1      | fknight the Hill Orc Monk began the quest for the Orb.
     0 | D:1      | Reached XP level 1. HP: 19/19 MP: 1/1
    75 | D:1      | Reached XP level 2. HP: 19/27 MP: 2/2
   875 | D:2      | Noticed Terence
   882 | D:2      | Reached XP level 3. HP: 31/33 MP: 3/3
   897 | D:2      | Killed Terence
   898 | D:2      | Reached skill level 1 in Throwing
   898 | D:2      | Reached skill level 1 in Armour
  1176 | D:2      | Noticed Robin
  1199 | D:2      | Reached XP level 4. HP: 22/40 MP: 4/4
  1203 | D:2      | HP: 1/40 [goblin[Robin] (3)]
  1203 | D:2      | Slain by a goblin

Illustrated notes

Levels and vault maps discovered:
D:1:      erik_arrival_blinker_ship, layout_rooms
D:2:      layout_loops_cross, dreamdust_ecumenical_altar_angels_and_demons,
          minmay_octomino_e4, uniq_terence, uniq_robin

Skill      XL: |  1  2  3 |
---------------+----------+-----
Fighting       | 4 |  4.1
Stealth        | 2 |  2.0
Throwing       | 1 |  1.2
Armour         | 1 |  1.1
Axes           | |  4.5
Dodging        | |  2.5

Action                   |  1- 3 |  4- 6 || total
-------------------------+-------+-------++-------
Melee: Hand axe          |    44 |       ||    44
       Short sword       |    41 |     5 ||    46
       Punch             |     2 |       ||     2
Throw: Stone             |    18 |       ||    18
       Boomerang         |    29 |       ||    29
  Use: Scroll            |     3 |       ||     3
       Potion            |     1 |       ||     1
Armor: Ring mail         |    24 |       ||    24
       Scale mail        |    10 |     4 ||    14
Dodge: Dodged            |    62 |     4 ||    66
